 Dungeon Crawl Stone Soup version 0.27-a0-1137-g3ef0f4ec91 (webtiles) character file.

Game seed: 7670768865105285849

99 kae the Slasher (level 4, -4/36 HPs)
             Began as a Demonspawn Abyssal Knight on May 6, 2021.
             Was a Believer of Lugonu.
             Killed from afar by Ijyb (13 damage)
             ... with an iceblast
             ... on level 3 of the Dungeon.
             The game lasted 00:01:27 (3349 turns).

kae the Slasher (Demonspawn Abyssal Knight)         Turns: 3349, Time: 00:01:28

Health: -4/36      AC:  4    Str: 13    XL:     4   Next: 45%
Magic:  5/5        EV: 11    Int: 13    God:    Lugonu [**....]
Gold:   124        SH:  0    Dex: 13    Spells: 3/3 levels left

rFire    . . .     SeeInvis .   a - +1 falchion
rCold    . . .     Faith    .   (no shield)
rNeg     . . .     Spirit   .   b - +0 leather armour
rPois    .         Reflect  .   (no helmet)
rElec    .         Harm     .   (no cloak)
rCorr    .         Rampage  .   (no gloves)
Will     .....                  (no boots)
Stlth    +.........             f - amulet of the acrobat
HPRegen  0.12/turn              (no ring)
MPRegen  0.09/turn              (no ring)

@: hasted, very quick
A: rugged brown scales 1
a: Renounce Religion, Depart the Abyss, Bend Space


You were on level 3 of the Dungeon.
You worshipped Lugonu.
Lugonu was pleased with you.
You visited 1 branch of the dungeon, and saw 3 of its levels.
You visited the Abyss 1 time.

You collected 124 gold pieces.

Inventory:

Hand Weapons
 a - a +1 falchion (weapon)
Armour
 b - a +0 leather armour (worn)
Jewellery
 f - an amulet of the acrobat (around neck)
Scrolls
 h - a scroll of magic mapping
 i - a scroll of fear {unknown}
Potions
 c - a potion of cancellation
 d - a potion of haste
 e - a potion of brilliance {unknown}
 g - a potion of curing {unknown}


   Skills:
 - Level 3.0 Fighting
 + Level 4.3 Long Blades
 - Level 1.7 Armour
 - Level 0.8 Dodging
 - Level 2.4 Invocations


You had 3 spell levels left.
You didn't know any spells.
Your spell library contained the following spells:

 Spells                   Type           Power      Damage    Failure   Level
 Animate Skeleton         Necr           0%         N/A       36%         1
 Apportation              Tloc           0%         N/A       36%         1
 Beastly Appendage        Tmut           0%         N/A       36%         1
 Corona                   Hex            0%         N/A       36%         1
 Summon Small Mammal      Summ           0%         N/A       36%         1
 Alistair's Intoxication  Tmut/Pois      0%         N/A       100%        5
 Starburst                Conj/Fire      0%         8x6d3     100%        6
 Ignition                 Fire           0%         3d3       100%        8


Dungeon Overview and Level Annotations

Branches:
Dungeon (3/15)

Altars:

Annotations:
D:3 Ijyb


Innate Abilities, Weirdness & Mutations

You are partially covered in rugged brown scales. (AC +1, +3% HP)


Message History

A goblin comes into view. It is wielding a +0 dagger.
The goblin shouts!
A goblin is nearby!
A goblin is nearby!
The goblin barely misses you.
You riposte.
You hit the goblin.
The goblin is severely wounded.
You slash the goblin!
You kill the goblin!
Lugonu accepts your kill.
A rat comes into view.
Things that are here:
a +0 dagger; a goblin corpse The rat closely misses you.
A rat is nearby!
A rat is nearby!
You hit the rat but do no damage. The rat bites you but does no damage.
The rat closely misses you.
You riposte.
You hit the rat.
You kill the rat!
Lugonu accepts your kill.
No target in view!
Found an escape hatch in the ceiling.
No target in view!
No target in view!
Found a stone staircase leading up.
There is a stone staircase leading up here.
Key pressed, stopping explore.
Found 2 javelins.
Found a glowing mace.
No target in view!
No target in view!
Ijyb the Twisted Goblin comes into view.
She is wielding a +0 club and carrying a wand of iceblast (8).
Ijyb shouts!
Ijyb zaps a wand.
The mass of ice explodes!
The iceblast engulfs you!
Ijyb zaps a wand.
The mass of ice explodes!
The iceblast engulfs you!
* * * LOW HITPOINT WARNING * * *
Ijyb is nearby!
Ijyb is nearby!
It was a potion of haste.
You feel yourself speed up.
Ijyb zaps a wand.
The mass of ice explodes!
The iceblast engulfs you!
You die...

#.# #....# #.##### #.#####
#.#..# #....##
#.....#######.#..######...#
######..##......<..#........#.#.
........#############.####......
#######)# #.............#.#. #.#
#.#####.(......... #.# #.#
######.#.... #.# #@# #.......
#.# #.# #..#..#. #####.# #.#
#..#..#. #.(...# #.# #.......
#.##### #g# ##..#. #.# ... #....
#.# #..# ##... #.# #..# #.gg #.#
#..# #...


You could see Ijyb.

Vanquished Creatures
  An adder (D:2)
  A worm (D:2)
  2 dart slugs
  An orc (D:3)
  3 endoplasms
  A giant cockroach (D:2)
  11 goblins
  6 hobgoblins
  13 jackals
  3 quokkas
  6 ball pythons
  9 bats
  5 frilled lizards (D:2)
  6 kobolds
  8 rats
76 creatures vanquished.

Notes
Turn   | Place    | Note
-------+----------+-------------------------------------------
     0 | Abyss:1  | kae the Demonspawn Abyssal Knight began the quest for the
                  | Orb.
     0 | Abyss:1  | Reached XP level 1. HP: 18/18 MP: 2/2
    45 | Abyss:1  | Noticed a quasit
    46 | D:1      | Escaped the Abyss
   114 | D:1      | Reached skill level 2 in Long Blades
   260 | D:1      | Reached * piety under Lugonu
   303 | D:1      | Gained mutation: You are partially covered in rugged brown
                  | scales. (AC +1, +3% HP) [demonic ancestry]
   303 | D:1      | Reached XP level 2. HP: 11/24 MP: 3/3
   620 | D:1      | Found a faded altar of an unknown god.
   741 | D:1      | Reached skill level 3 in Long Blades
   746 | D:1      | Identified the Disquisition on Moulding and the Volcanoes
   784 | D:1      | Reached XP level 3. HP: 25/29 MP: 4/4
  2166 | D:2      | Reached ** piety under Lugonu
  2253 | D:2      | Reached XP level 4. HP: 36/36 MP: 5/5
  2256 | D:2      | Reached skill level 4 in Long Blades
  3346 | D:3      | Noticed Ijyb
  3349 | D:3      | Killed from afar by Ijyb

Illustrated notes

Levels and vault maps discovered:
D:1:      heliophobic_arrival_dark_side_of_the_moon, layout_basic,
          ebering_ecumenical_altar_petrified
D:2:      layout_rooms, serial_curves, eino_curves_04, eino_curves_01,
          eino_curves_01, eino_curves_02
D:3:      layout_loops_ring, uniq_robin, uniq_ijyb

Skill      XL: |  1  2  3  4 |
---------------+-------------+-----
Long Blades    | 2 3 4 |  4.3
Fighting       | |  3.0
Armour         | |  1.7
Dodging        | |  0.8
Invocations    | |  2.4

Action                   |  1- 3 |  4- 6 || total
-------------------------+-------+-------++-------
Melee: Falchion          |   147 |    70 ||   217
Invok: Depart the Abyss  |     1 |       ||     1
  Use: Scroll            |     2 |     1 ||     3
       Potion            |       |     1 ||     1
 Stab: Sleeping          |     1 |       ||     1
Armor: Leather armour    |    54 |    18 ||    72
Dodge: Dodged            |   101 |    71 ||   172
       Rpst.: Falchion   |    37 |    30 ||    67

Table legend: (Time is in decaauts)
 A = Elapsed time spent in this place.
 B = Non-inter-level travel time spent in this place.
 C = Inter-level travel time spent in this place.
 D = Time resting spent in this place.
 E = Time spent auto-exploring this place.
 F = Levels seen in this place.
 G = Mean time per level.
                   A        B        C        D        E       F      G
               +--------+--------+--------+--------+--------+-----+--------+
         Total |   3377 |   3344 |     33 |    461 |   2402 |   4 |  844.2 |
       Dungeon |   3331 |   3298 |     33 |    461 |   2358 |   3 | 1110.3 |
         Abyss |     46 |     46 |      0 |      0 |     44 |   1 |   46.0 |
               +--------+--------+--------+--------+--------+-----+--------+

Top non-repeatable levels by time:
     D:1: 1380 daAuts
     D:2: 1215 daAuts
     D:3: 734 daAuts
 Abyss:1: 46 daAuts
